Unix NetHack Version 3.7.0-101 Work-in-progress - last build Mar 25 2024 11:18:41 (462964f8eaac915e699fc3a71b43428251fec12b,branch:master). Game began 2024-03-24 19:26:41, ended 2024-03-30 20:49:20. laycre, lawful female dwarven Valkyrie }}}}}}}}}}}}}}}}}}}}}}}}}}}}}}}}}}}}}}}}}}}}}}}}}}}}}}}}}}}}}}}}}}}}}}}}}}}}}}} }}}}}}}}}}}}}}}}}}}}}}}}}}}}}}}}}}}}..}}}}}}..}}}}}}}}}}}}}}}}}}}}}}}}}}.}}.}}} }}}..}}}}}}}}}}}}}}}}}}}}}}}}}}}}}}....}}}}...}}}}}}}}}}}}}}}}}}}}}}}}}......}} }}}.....}}}}}}}}}}}}}}}}}}}}.....................}}}}}}}}}}}}}}}}}}}}}}......}} }}}}.}......}}}}}}}}}}}}}}}.....%.}}}}}.}}}}}......}}}}}}}}}}}................} }}}}}}}}}}}....}.}}}}}}}}}....(.@}}}a}}}}}}}}}}......}}.}}}....}}}}}}.....}}.}} }}}}}}}}}}}}}.....}}}}}}}}.....}}}-----#-----}}}..............}}}}}}}}...}}}}}} }}}}}}}}}}}}.....}}}}}}}}}....}}--- ---}}.^.............}}}}}}}}}}}}}}} }}}}}}}}}}}..................}}--HHH H --}}.....}.........}}}}}}}}}}}}}} }}}}...}}}}.........}}.......}}| aa H |}}......}}......}}}}}}}}}}}}.}} }}}}....}}..........}}......}}-- HHa --}}......}.....}}}}}}}}}}.....} }}}}}.......}}}...}}}}......}} H H |}}..........}}.}}}}}}}}}.}}..} }}}}}......}}}}}}.}}}}......}} --}}....+.....}}}}}..}}}}}.}}}}} }}}}}......}}}}}}.}}}}.......} |}}...........}}}}}.<}}}}}.}}}}} }}}}}}....}}}}}}}.}}}}}}.....} H --}}..........}}}}}}........}}}}} }}}}}}....}}}}}}}.}}}}}}}..... H -}}.........................}}}}} }}}}}}}}...}}}}}}.}}}}}}}}... -}}}...}}........}}.}..........}}}} }}}}}}}}..}}}}}}..}}}}}}}}}.. }}.}}}}}}}.......}..}}................}}}} }}}}}}}}}}}}}}}}..}}}}}}}}}}......}}}}}.}}}}}......}}}}}}}}}.......}}..}}}}}}}} }}}}}}}}}}}}}}}}}}}}}}}}}}}}}}}..................}}}}}}}}}}}..}.}.}}}}}}}}}}}}} }}}}}}}}}}}}}}}}}}}}}}}}}}}}}}}}}}}}}}}}}}}}}}}}}}}}}}}}}}}}}}}}}}}}}}}}}}}}}}} Laycre the Warrior St:25 Dx:14 Co:20 In:3 Wi:16 Ch:10 Lawful Home 5 $:0 HP:0(144) Pw:35(35) AC:-29 Xp:14/92196 T:32630 Burdened Blind Latest messages: You see here a whistle called tin. The massive hammer hits! Lightning strikes the fire giant! The fire giant hits! The fire giant knocks you backward with a forceful strike! You move over some lava. You sink into the molten lava, but it only burns slightly! You hear a G note squeak in the distance. You sink deeper into the lava. You sink deeper into the lava. You are stuck in the lava. You are stuck in the lava. The fire giant hits! The fire giant knocks you backward with a powerful strike! You are anchored by the lava. You are stuck in the lava. You are stuck in the lava. The fire giant hits! You hear a G note squeak in the distance. You are stuck in the lava. The fire giant misses! You are stuck in the lava. The fire giant misses! The fire ant misses! The fire ant just misses! The massive hammer hits! Lightning strikes the fire giant! The fire giant drinks a potion of extra healing! The fire giant looks much better. The fire giant zaps a wand of lightning! The fire ant is killed by the bolt of lightning! The bolt of lightning whizzes by you! You are blinded by the flash! You sink deeper into the lava. You kill the fire giant! You sink deeper into the lava. You are stuck in the lava. You are stuck in the lava. You are stuck in the lava. The fire giant hits! The fire giant knocks you backward with a powerful blow! You are anchored by the lava. You hit the fire giant. You sink deeper into the lava. You kill the fire giant! You sink below the surface and die. Do you want your possessions identified? [ynq] (y) y Do you want to see your attributes? [ynq] (y) y Do you want an account of creatures vanquished? [ynaq] (y) y Do you want a list of species genocided? [ynaq] (y) y Do you want to see your conduct and achievements? [ynq] (y) y Do you want to see the dungeon overview? [ynq] (y) y Inventory: Weapons (')') a - the blessed rustproof +8 Excalibur (alternate weapon; not wielded) b - the blessed rustproof +6 Mjollnir (weapon in right hand) Armor ('[') Y - a blessed rusty +5 orcish helm (being worn) e - a blessed rustproof +2 pair of gauntlets of power (being worn) F - a blessed greased fireproof +2 pair of speed boots (being worn) w - a blessed +0 shield of reflection (being worn) H - a blessed fireproof +0 cloak of protection (being worn) p - a blessed +5 gray dragon scale mail (being worn) Comestibles ('%') i - an uncursed partly eaten food ration n - an uncursed tripe ration s - an uncursed lizard corpse Rings ('=') S - a cursed ring of free action (on left hand) C - an uncursed ring of shock resistance (on right hand) Wands ('/') L - an uncursed wand of cancellation (0:5) R - an uncursed wand of cold (0:7) U - an uncursed wand of cold (0:7) f - an uncursed wand of magic missile (0:6) Q - an uncursed wand of polymorph (0:7) P - an uncursed wand of sleep (0:6) z - an uncursed wand of striking (0:4) X - an uncursed wand of striking (0:3) T - an uncursed wand of teleportation (0:3) d - an uncursed wand of undead turning (0:5) Tools ('(') x - a blessed bag of holding containing 99 items h - an uncursed bugle N - an uncursed frost horn (0:4) j - an uncursed expensive camera (0:43) l - an uncursed magic lamp (lit) k - an uncursed skeleton key t - an uncursed towel u - a blessed +0 unicorn horn Gems/Stones ('*') q - a blessed luckstone Contents of the bag of holding: 569 gold pieces an uncursed +0 pair of water walking boots a blessed +2 mummy wrapping an uncursed cream pie an uncursed eucalyptus leaf 10 uncursed food rations 17 uncursed K-rations 2 uncursed lembas wafers an uncursed orange an uncursed sprig of wolfsbane 5 uncursed tripe rations an uncursed tin of fire ant meat 5 uncursed eggs 3 uncursed lizard corpses a blessed scroll of blank paper 5 uncursed scrolls of blank paper a cursed scroll of blank paper a blessed scroll of charging a blessed scroll of create monster an uncursed scroll of create monster 2 uncursed scrolls of earth a cursed scroll of enchant armor an uncursed scroll of enchant weapon a blessed scroll of food detection 3 uncursed scrolls of food detection an uncursed scroll of gold detection 2 uncursed scrolls of light a blessed scroll of magic mapping 2 uncursed scrolls of magic mapping a cursed scroll of magic mapping an uncursed scroll of scare monster an uncursed scroll of stinking cloud an uncursed scroll of taming 2 blessed scrolls of teleportation 9 uncursed scrolls of teleportation 7 cursed scrolls of teleportation an uncursed potion of acid an uncursed potion of blindness 5 uncursed potions of booze 2 uncursed potions of confusion a blessed potion of extra healing 3 uncursed potions of extra healing an uncursed potion of fruit juice a cursed potion of fruit juice 2 uncursed potions of full healing 3 uncursed potions of gain ability an uncursed potion of gain energy 2 uncursed potions of healing 8 uncursed potions of object detection a cursed potion of object detection an uncursed potion of oil a cursed potion of sickness an uncursed potion of speed 13 potions of holy water an uncursed ring of free action a cursed -1 ring of increase accuracy a cursed -1 ring of increase accuracy an uncursed ring of levitation a cursed ring of polymorph control an uncursed ring of shock resistance an uncursed ring of teleport control an uncursed wand of create monster (0:14) an uncursed wand of create monster (0:0) an uncursed wand of digging (0:8) an uncursed wand of digging (0:7) an uncursed wand of digging (0:5) an uncursed wand of digging (0:4) an uncursed wand of fire (0:3) an uncursed wand of lightning (0:5) an uncursed wand of magic missile (0:7) an uncursed wand of magic missile (0:6) an uncursed wand of magic missile (0:5) an uncursed wand of magic missile (0:3) an uncursed wand of secret door detection (0:11) an uncursed wand of speed monster (0:7) an uncursed wand of speed monster (0:6) an uncursed wand of speed monster (0:4) an uncursed wand of speed monster (0:3) an uncursed wand of striking (0:6) an uncursed wand of striking (0:6) an uncursed wand of striking (0:5) an uncursed wand of striking (0:5) an uncursed wand of teleportation (0:7) an uncursed wand of teleportation (0:5) an uncursed wand of teleportation (0:5) an uncursed wand of teleportation (0:4) an uncursed wand of teleportation (0:4) an uncursed wand of teleportation (0:4) a blessed wand of wishing (0:0) an uncursed expensive camera (0:98) an uncursed magic marker (0:36) an uncursed +0 pick-axe an uncursed skeleton key 8 uncursed tallow candles an uncursed amethyst stone an uncursed jacinth stone an uncursed jet stone 10 uncursed worthless pieces of yellow glass 3 uncursed worthless pieces of yellowish brown glass Laycre the Valkyrie's attributes: Background: You were a Warrior, a level 14 dwarven Valkyrie. You were lawful, on a mission for Tyr who was opposed by Odin (neutral) and Loki (chaotic). You were right-handed. You were in the Quest, on level 5. You entered the dungeon 32630 turns ago. You had 92196 experience points, 67804 more were needed to attain level 15. Basics: You had 0 out of 144 hit points. You had all 35 energy points (spell power). Your armor class was -29. Your wallet was empty, but you had 569 zorkmids stashed away in your pack. Autopickup was on for '$=/!?"' plus thrown, with exceptions. Final Characteristics: Your strength was 25 (base:18/18, innate limit:18/100). Your dexterity was 14 (peak:15, limit:20). Your constitution was 20 (limit:20). Your intelligence was 3 (peak:8, limit:16). Your wisdom was 16 (limit:16). Your charisma was 10 (limit:16). Final Status: You were temporarily blind. You were sinking into lava. You weren't hungry. You were burdened; movement was slightly slowed. You were wielding a hammer. You were skilled in hammer. Final Attributes: You were piously aligned. You were magic-protected. You were fire resistant. You were cold resistant. You were sleep resistant. You were shock resistant. Your items were protected from electric shocks. You were poison resistant. You would have seen invisible when not blind. You were telepathic. You had infravision. You were invisible to others. You were stealthy. You had a moderate defense bonus (+9). You were protected. You were very fast. You had reflection. You had free action. You were very lucky. You had extra luck. Good luck did not time out for you. You are dead. Miscellaneous: You encountered 1 bones level. Total elapsed playing time was 6 hours, 58 minutes and 59 seconds. Major events: Turn 1: laycre the lawful dwarven Valkyrie entered the dungeon 1444: attained the rank of Skirmisher (level 3) 2746: entered the Gnomish Mines 3369: received Excalibur from a strange woman laying about in a pond 3720: attained the rank of Fighter (level 6) 4411: entered Sokoban 4846: completed 1st Sokoban level 5309: completed 2nd Sokoban level 5742: completed 3rd Sokoban level 6529: completed 4th Sokoban level 8039: attained the rank of Woman-at-arms (level 10) 8393: acquired the Sokoban bag of holding 9962: entered the Bigroom 10231: made her first wish - "+2 blessed greased fixed gray dragon scale mail", got "a greased gray dragon scale mail" 11543: reached Mine Town 12134: destroyed SkydiveMike's ghost, the former Initiate 13786: acquired the Mines' End luckstone 21114: was bestowed with Mjollnir by Tyr 21784: read a Discworld novel 23032: killed Medusa 25679: entered Gehennom 26460: performed her first genocide (class L) 26548: wished for "+2 blessed greased fixed speed boots", got "a greased pair of combat boots" 27678: wished for "+2 blessed fixed gauntlets of power", got "a pair of fencing gloves" 28935: attained the rank of Warrior (level 14) 31754: wished for "blessed scroll of charging", got "a scroll labeled XIXAXA XOXAXA XUXAXA" 32630: dissolved in molten lava Vanquished creatures: Medusa a titan 2 gray dragons 4 red dragons a white dragon an orange dragon a black dragon 3 blue dragons 2 green dragons a minotaur a jabberwock 3 baluchitheria 3 master mind flayers 7 Olog-hai a sandestin a displacer beast 2 titanotheres a trapper 3 genetic engineers 5 vampire leaders a captain 4 liches 3 clay golems 2 nurses a lurker above a frost giant 5 vampires 5 lieutenants 21 ghosts 4 queen bees 3 winged gargoyles a mind flayer 9 giant mimics 2 long worms 2 zruties 13 fire giants 5 ogre tyrants 2 ice trolls a rock troll 3 umber hulks 2 elven monarchs 6 large mimics 3 wumpuses 5 stalkers 5 fire elementals 2 earth elementals 4 water elementals 6 hill giants 2 black nagas 5 xorns 6 giant zombies 2 elf-nobles 11 sergeants 4 water demons 6 wargs 6 winter wolves 6 small mimics 2 glass piercers 5 warhorses a steam vortex 3 xans 3 ettin mummies 6 ogre leaders 6 quantum mechanics 7 trolls 2 mariliths 3 sharks 3 gelatinous cubes 4 large dogs 4 freezing spheres 2 flaming spheres a shocking sphere 3 large cats 4 tigers 10 gargoyles a tengu 2 ochre jellies 8 leocrottas 2 energy vortices a mountain centaur 3 stone giants 2 elf mummies 2 human mummies 4 red nagas 2 pythons 2 pit vipers a cobra 31 wraiths 3 carnivorous apes 6 ettin zombies 5 leather golems 12 Grey-elves 42 soldiers 2 amorous demons 4 horned devils 8 chameleons 8 giant beetles 4 quivering blobs 7 cockatrices 13 wolves 6 winter wolf cubs 2 lynxes 2 panthers 26 gremlins 4 spotted jellies 9 leprechauns 5 orc-captains 3 mumakil 7 giant spiders 4 scorpions 3 horses 2 ice vortices 4 black lights 8 vampire bats 2 forest centaurs 3 gnome rulers 5 orc mummies 3 dwarf mummies 3 ogres 2 brown puddings 8 rust monsters 7 owlbears 3 yetis a werewolf 5 Green-elves 4 giant eels 10 lizards 4 chickatrices a dingo 2 dogs 4 jaguars 4 blue jellies 4 gray unicorns 3 black unicorns 6 dust vortices 29 ravens 2 plains centaurs 2 gnome mummies 3 snakes 6 apes 7 human zombies a rope golem 18 Woodland-elves 6 soldier ants 55 fire ants 16 bugbears 3 imps 6 lemures 3 wood nymphs 8 water nymphs 3 mountain nymphs 21 Mordor orcs 15 Uruk-hai 4 orc shamans 5 rock piercers 6 rock moles 5 ponies 5 fog clouds 12 yellow lights 4 shriekers 8 violet fungi 3 gnome leaders a gnomish wizard 2 kobold mummies a golden naga hatchling 4 gray oozes 2 barrow wights 10 elf zombies 9 ghouls a straw golem a paper golem 18 giant ants 4 little dogs 11 floating eyes a dwarf 2 homunculi 2 kobold leaders 2 kobold shamans 16 hill orcs 20 rothes 2 rabid rats 4 centipedes 10 giant bats 6 monkeys 10 orc zombies 11 dwarf zombies 5 wererats 2 werejackals 11 iguanas 61 killer bees 4 acid blobs a gas spore 2 hobbits a manes 8 large kobolds 14 hobgoblins 7 giant rats 6 cave spiders a brown mold 2 yellow molds 2 green molds a red mold 14 gnomes 2 garter snakes 10 gnome zombies 8 geckos 11 jackals 4 foxes a kobold 7 goblins 12 sewer rats 7 grid bugs 5 bats 11 lichens 5 kobold zombies 6 newts 1263 creatures vanquished. Genocided species: arch-liches master liches demiliches liches 4 species genocided. Voluntary challenges: You read items or engraved 76 times. You engraved Elbereth 1 time. You genocided 4 types of monsters. You never changed form. You used 4 wishes. You did not wish for any artifacts. You did not violate any of the special Sokoban rules. Achievements: You entered a shop. You attained the rank of Skirmisher. You entered the Gnomish Mines. You attained the rank of Fighter. You entered Sokoban. You attained the rank of Woman-at-arms. You completed Sokoban. You entered the Big Room. You entered Minetown. You entered a temple. You completed the Gnomish Mines. You read from a Discworld novel. You defeated Medusa. You learned the tune to open and close the Castle's drawbridge. You entered Gehennom. You attained the rank of Warrior. The Dungeons of Doom: levels 1 to 28 Level 1: Level 2: An altar to Tyr, a fountain. Level 3: A sink. Level 4: Stairs down to The Gnomish Mines. Level 5: A general store, a grave. Level 6: An altar to Tyr, a grave. Level 7: Some fountains. Oracle of Delphi. Level 8: Stairs up to Sokoban, level 7. Level 9: Some fountains. Level 10: Many fountains. A very big room. Level 11: A fountain, a sink. Level 12: Some fountains. Level 13: A fountain. Summoned by the Norn. Portal to The Quest. Level 14: A sink, some graves. Level 15: A fountain. Level 16: A primitive area. Level 17: Some fountains. Level 18: A fountain, a grave. Level 19: A fountain. Level 20: A sink. Level 21: Level 22: Level 23: Level 24: Many trees. Level 25: Level 26: Level 27: Level 28: "big stash" A throne, a fountain. The castle (play notes "DFAAE" to open or close drawbridge). Connection to Gehennom. Gehennom: Level 29: A temple and an altar, many graves. Valley of the Dead. The Gnomish Mines: levels 5 to 12 Level 5: Level 6: Level 7: Level 8: A temple and an altar, many fountains, a grave. Final resting place for SkydiveMike-Mon-Hum-Mal-Neu, killed by a giant bat, while frozen by a floating eye's gaze. Level 9: Level 10: Level 11: Level 12: A fountain. The Quest: levels 1 to 5 Level 1: A fountain. Given quest by the Norn. Level 2: Level 3: Level 4: Level 5: <- You were here. Final resting place for you, dissolved in molten lava. Sokoban: levels 7 up to 4 Level 4: Solved. Level 5: Solved. Level 6: Solved. Level 7: Solved. Game over: ---------- / \ / REST \ / IN \ / PEACE \ / \ | laycre | | 569 Au | | dissolved in | | molten lava | | | | | | 2024 | *| * * * | * _________)/\\_//(\/(/\)/\//\/|_)_______ Farvel laycre the Valkyrie... You dissolved in the lava in The Quest on dungeon level 5 with 423195 points, and 569 pieces of gold, after 32630 moves. You were level 14 with a maximum of 144 hit points when you dissolved in the lava.